 Dungeon Crawl Stone Soup version 0.29-a0-321-gf1c400731a (webtiles) character file.

Game seed: 11647744069304372070

569 cojito the Poker (level 7, -14/60 HPs)
             Began as a Gnoll Cinder Acolyte on Apr 4, 2022.
             Was a Believer of Ignis.
             Demolished by an ogre
             ... wielding a +0 giant spiked club
              (24 damage)
             ... on level 4 of the Dungeon.
             The game lasted 00:06:44 (3432 turns).

cojito the Poker (Gnoll Cinder Acolyte)             Turns: 3432, Time: 00:06:44

Health: -14/60     AC: 16    Str: 14    XL:     7   Next: 33%
Magic:  12/12      EV: 11    Int: 15    God:    Ignis [**....]
Gold:   158        SH:  0    Dex:  7    Spells: 11/13 levels left

rFire   + . .      SeeInvis .   a - +0 quarterstaff
rCold   + . .      Faith    .   (shield currently unavailable)
rNeg    . . .      Spirit   .   f - +1 leather armour {rC+}
rPois   .          Reflect  .   (no helmet)
rElec   .          Harm     .   (no cloak)
rCorr   .          Rampage  .   y - +0 pair of gloves
Will    .....                   (no boots)
Stlth   +.........              (no amulet)
HPRegen 0.20/turn               c - +4 ring of protection
MPRegen 0.13/turn               (no ring)

@: fiery-armoured
A: fangs 1, strong nose, distributed training
a: Renounce Religion, Fiery Armour, Foxfire Swarm, Rising Flame


You were on level 4 of the Dungeon.
You worshipped Ignis.
Ignis was pleased with you.
You visited 1 branch of the dungeon, and saw 4 of its levels.

You collected 158 gold pieces.

Inventory:

Hand Weapons
 a - a +0 quarterstaff (weapon)
 b - a +0 hunting sling
 v - a -1 spear of flaming
Missiles
 j - 3 javelins
 n - 9 poisoned darts
 B - 2 boomerangs
Armour
 f - a +1 leather armour of cold resistance (worn)
 y - a +0 pair of gloves (worn)
Jewellery
 c - a +4 ring of protection (left hand)
Scrolls
 e - 4 scrolls of identify {unknown}
 g - a scroll of fog {unknown}
 i - a scroll of silence {unknown}
 k - a scroll of immolation {unknown}
 l - a scroll of magic mapping {unknown}
 m - a scroll of amnesia {unknown}
 o - a scroll of blinking {unknown}
 p - a scroll of enchant weapon {unknown}
 q - a scroll of brand weapon {unknown}
 u - a scroll of acquirement {unknown}
 w - 3 scrolls of teleportation {unknown}
 A - 2 scrolls of summoning {unknown}
Potions
 d - a potion of cancellation {unknown}
 h - a potion of ambrosia {unknown}
 r - a potion of attraction {unknown}
 s - a potion of haste {unknown}
 t - a potion of curing {unknown}
 x - a potion of magic {unknown}
 z - a potion of brilliance {unknown}


   Skills:
 + Level 7.0 Fighting
 + Level 2.4 Short Blades
 + Level 2.4 Long Blades
 + Level 2.4 Axes
 + Level 2.4 Maces & Flails
 + Level 7.0 Polearms
 + Level 2.4 Staves
 + Level 2.4 Slings
 + Level 2.4 Bows
 + Level 2.4 Crossbows
 + Level 2.4 Throwing
 + Level 2.4 Armour
 + Level 2.4 Dodging
 + Level 2.4 Stealth
 + Level 2.4 Shields
 + Level 2.4 Unarmed Combat
 + Level 3.7 Spellcasting
 + Level 2.0 Conjurations
 + Level 2.0 Hexes
 + Level 2.0 Summonings
 + Level 2.0 Necromancy
 + Level 2.0 Translocations
 + Level 2.0 Transmutations
 + Level 5.8 Fire Magic
 + Level 2.0 Ice Magic
 + Level 2.0 Air Magic
 + Level 2.0 Earth Magic
 + Level 2.0 Poison Magic
 + Level 2.7 Invocations
 + Level 2.4 Evocations


You had 11 spell levels left.
You knew the following spells:

 Your Spells              Type           Power      Damage    Failure   Level
a - Poisonous Vapours     Pois/Air       16%        N/A       16%         2

Your spell library contained the following spells:

 Spells                   Type           Power      Damage    Failure   Level
 Scorch                   Fire           40%        2d7       3%          2
 Sting                    Tmut/Pois      32%        1d4       10%         1
 Olgreb's Toxic Radiance  Pois           8%         N/A       69%         4
 Freezing Cloud           Conj/Ice/Air   4%         6-21      95%         5
 Simulacrum               Ice/Necr       4%         N/A       100%        6
 Polar Vortex             Ice            4%         N/A       100%        9


Dungeon Overview and Level Annotations

Branches:
Dungeon (4/15)
 Temple: D:4-7

Altars:
Hepliaklqana
Ru
Uskayaw
Wu Jian


Innate Abilities, Weirdness & Mutations

You have very sharp teeth.
Your uncanny sense of smell can sniff out nearby items.
Your experience applies equally to all skills.


Message History

An ogre is nearby!
An ogre is nearby!
b - a +0 hunting sling (weapon)
The ogre shouts!
You shoot a sling bullet.
The sling bullet hits the ogre but does no damage.
You shoot a sling bullet.
The sling bullet hits the ogre but does no damage.
You shoot a sling bullet.
The sling bullet barely misses the ogre.
You shoot a sling bullet. The sling bullet hits the ogre.
The ogre is lightly wounded.
a - a +0 quarterstaff (weapon)
The ogre closely misses you.
You barely miss the ogre.
The ogre is lightly wounded.
You barely miss the ogre. You bite the ogre, but do no damage.
The ogre is lightly wounded.
The ogre hits you with a +0 giant spiked club!!
The ogre is burned by your cloak of flames.
The ogre is moderately wounded.
You hit the ogre.
The ogre is heavily wounded.
The ogre hits you with a +0 giant spiked club!!
Ouch! That really hurt!
* * * LOW HITPOINT WARNING * * *
The ogre is burned by your cloak of flames.
The ogre is severely wounded.
Okay, then.
You aren't carrying any items that you can evoke.
Unknown command.
Unknown command.
Okay, then.
Unknown command.
Unknown command.
Activating: Foxfire Swarm
Press: ? - help, Dir - look around, f - activate Flames leap up around you!
The ogre hits you with a +0 giant spiked club!!
You die...

.........##..##..............#...
......##..#..#......###.....#.)..
.......#...................##))##
....................#..........#
.........##.........#.###......##
###.....###......###. ##.....#.
##......# #.#.#vv# #.......
#.......####..#vv## #...#.##
...#.....##.#..#@vv##... ....##..
## ##...))....vvO#v.......... ..
##.########vv##.......... ..
#..## ##....#.......... .. #o..#
#...#....#........ ._ .......##
#..##...##........ ..
........#####.)#.†.#.......... ..
.................................
.o...##..##....#..)..............


You could see an ogre (ally target).

Vanquished Creatures
  Grinder (D:3)
  Blork the orc (D:4)
  A scorpion (D:3)
  A howler monkey (D:3)
  Jessica (D:3)
  7 gnolls
  2 adders
  An ufetubus (D:4)
  2 worms
  2 dart slugs
  6 orcs (D:4)
  8 ball pythons
  6 endoplasms
  A giant cockroach (D:2)
  5 goblins
  5 hobgoblins
  9 jackals
  6 kobolds
  7 quokkas
  4 bats
  4 frilled lizards
  4 rats
84 creatures vanquished.

Vanquished Creatures (others)
  44 foxfires (D:3)
44 creatures vanquished.

Grand Total: 128 creatures vanquished

Notes
Turn   | Place    | Note
-------+----------+-------------------------------------------
     0 | D:1      | cojito the Gnoll Cinder Acolyte began the quest for the
                  | Orb.
     0 | D:1      | Reached XP level 1. HP: 23/23 MP: 4/4
   174 | D:1      | Reached XP level 2. HP: 22/29 MP: 5/5
   619 | D:1      | Learned a level 2 spell: Poisonous Vapours
   690 | D:1      | Reached XP level 3. HP: 17/35 MP: 7/7
  1449 | D:2      | Reached skill level 1 in Invocations
  1449 | D:2      | Found an ornate altar of the Wu Jian Council.
  1472 | D:2      | Reached skill level 1 in Short Blades
  1472 | D:2      | Reached skill level 1 in Long Blades
  1472 | D:2      | Reached skill level 1 in Axes
  1472 | D:2      | Reached skill level 1 in Maces & Flails
  1472 | D:2      | Reached skill level 1 in Staves
  1472 | D:2      | Reached skill level 1 in Slings
  1472 | D:2      | Reached skill level 1 in Bows
  1472 | D:2      | Reached skill level 1 in Crossbows
  1472 | D:2      | Reached skill level 1 in Throwing
  1472 | D:2      | Reached skill level 1 in Armour
  1472 | D:2      | Reached skill level 1 in Dodging
  1472 | D:2      | Reached skill level 1 in Stealth
  1472 | D:2      | Reached skill level 1 in Shields
  1472 | D:2      | Reached skill level 1 in Unarmed Combat
  1472 | D:2      | Reached skill level 1 in Evocations
  1543 | D:2      | Reached XP level 4. HP: 41/41 MP: 8/8
  1927 | D:3      | Noticed Jessica
  1931 | D:3      | Killed Jessica
  1932 | D:3      | Reached skill level 1 in Conjurations
  1932 | D:3      | Reached skill level 1 in Hexes
  1932 | D:3      | Reached skill level 1 in Summonings
  1932 | D:3      | Reached skill level 1 in Necromancy
  1932 | D:3      | Reached skill level 1 in Translocations
  1932 | D:3      | Reached skill level 1 in Transmutations
  1932 | D:3      | Reached skill level 1 in Ice Magic
  1932 | D:3      | Reached skill level 1 in Air Magic
  1932 | D:3      | Reached skill level 1 in Earth Magic
  1932 | D:3      | Reached skill level 1 in Poison Magic
  1980 | D:3      | Reached XP level 5. HP: 35/47 MP: 9/9
  2283 | D:3      | Reached XP level 6. HP: 45/53 MP: 10/10
  2455 | D:3      | Noticed Grinder
  2477 | D:3      | Killed Grinder
  2478 | D:3      | Reached XP level 7. HP: 53/59 MP: 10/12
  2574 | D:3      | Found a hazy altar of Hepliaklqana.
  3147 | D:4      | Found a sacrificial altar of Ru.
  3190 | D:4      | Found a hide-covered altar of Uskayaw.
  3378 | D:4      | Noticed Blork the orc
  3395 | D:4      | Killed Blork the orc
  3432 | D:4      | Demolished by an ogre

Illustrated notes

Levels and vault maps discovered:
D:1:      erik_arrival_cave_to_civilisation [erik_arrival_cave_to_hall],
          layout_basic, minmay_small_reverse_x
D:2:      layout_rooms, basic_altar
D:3:      layout_rooms, general_overflow_altar, serial_corexii_hall,
          corexii_hall_statues_deadend, corexii_hall_statues_deadend,
          nrook_mini_backslash, uniq_jessica, uniq_grinder
D:4:      layout_cave_pools, mainiacjoe_overflow_catwalk,
          overflow_temple_1_default, lemuel_round_altar, lemuel_old_faithful,
          uniq_blork_the_orc

Skill      XL: |  1  2  3  4  5  6  7 |
---------------+----------------------+-----
Invocations    | 1 2 |  2.7
Short Blades   | 1 2 |  2.4
Long Blades    | 1 2 |  2.4
Axes           | 1 2 |  2.4
Maces & Flails | 1 2 |  2.4
Staves         | 1 2 |  2.4
Slings         | 1 2 |  2.4
Bows           | 1 2 |  2.4
Crossbows      | 1 2 |  2.4
Throwing       | 1 2 |  2.4
Armour         | 1 2 |  2.4
Dodging        | 1 2 |  2.4
Stealth        | 1 2 |  2.4
Shields        | 1 2 |  2.4
Unarmed Combat | 1 2 |  2.4
Evocations     | 1 2 |  2.4
Spellcasting   | 3 |  3.7
Conjurations   | 1 2 |  2.0
Hexes          | 1 2 |  2.0
Summonings     | 1 2 |  2.0
Necromancy     | 1 2 |  2.0
Translocations | 1 2 |  2.0
Transmutations | 1 2 |  2.0
Ice Magic      | 1 2 |  2.0
Air Magic      | 1 2 |  2.0
Earth Magic    | 1 2 |  2.0
Poison Magic   | 1 2 |  2.0
Fighting       | 7 |  7.0
Polearms       | 7 |  7.0
Fire Magic     | |  5.8

Action                   |  1- 3 |  4- 6 |  7- 9 || total
-------------------------+-------+-------+-------++-------
Melee: Spear             |   115 |    34 |       ||   149
       Bite              |     7 |     4 |     2 ||    13
       Punch             |     1 |     1 |       ||     2
       Quarterstaff      |       |     2 |    24 ||    26
 Fire: Hunting sling     |    29 |    63 |    57 ||   149
 Cast: Poisonous Vapours |       |     4 |       ||     4
Invok: Fiery Armour      |     1 |     1 |     2 ||     4
       Foxfire Swarm     |       |     3 |     1 ||     4
Armor: Robe              |    20 |    18 |       ||    38
       Leather armour    |       |       |    25 ||    25
Dodge: Dodged            |    53 |    25 |    30 ||   108

Table legend: (Time is in decaauts)
 A = Elapsed time spent in this place.
 B = Non-inter-level travel time spent in this place.
 C = Inter-level travel time spent in this place.
 D = Time resting spent in this place.
 E = Time spent auto-exploring this place.
 F = Levels seen in this place.
 G = Mean time per level.
                   A        B        C        D        E       F      G
               +--------+--------+--------+--------+--------+-----+--------+
         Total |   3439 |   3272 |    167 |    432 |   2129 |   4 |  859.8 |
       Dungeon |   3439 |   3272 |    167 |    432 |   2129 |   4 |  859.8 |
               +--------+--------+--------+--------+--------+-----+--------+

Top non-repeatable levels by time:
     D:1: 1365 daAuts
     D:3: 1134 daAuts
     D:2: 539 daAuts
     D:4: 399 daAuts
